 Seeded DCSS version 0.31-a0-851-g7ff8af7976 (webtiles) character file.

Game seed: 5236100019063122427 (custom seed)

11809 GigaChad the Cleaver (level 12, -11/94 HPs) *EXPLORE*
             Began as a Formicid Fighter on Oct 6, 2023.
             Was an Initiate of Gozag.
             Mangled by a balrug
             ... wielding a +3 demon whip of venom
              (25 damage)
             ... on level 1 of the Abyss.
             The game lasted 00:16:11 (11055 turns).

GigaChad the Cleaver (Formicid Fighter)            Turns: 11055, Time: 00:16:12

Health: -11/94     AC: 16    Str: 25    XL:     12   Next: 12%
Magic:  20/20      EV:  7    Int:  9    God:    Gozag
Gold:   995        SH:  6    Dex: 13    Spells: 22/22 levels left

rFire   . . .        B - +0 battleaxe
rCold   . . .        c - +0 buckler
rNeg    . . .        I - +2 plate armour {rPois}
rPois   +            (helmet unavailable)
rElec   .            (no cloak)
rCorr   .            (no gloves)
SInv    +            (no boots)
Will    +....        (no amulet) Stlth
                     (no ring)
HPRegen 0.35/turn    (no ring)
MPRegen 0.17/turn

%: no passive effects
@: lethally poisoned (-11 -> -16), on fire, glowing
A: permanent stasis, dig shafts and tunnels, antennae 3, four strong arms
a: Dig, Shaft Self, Renounce Religion, Potion Petition, Call Merchant, Bribe
Branch


You were on level 1 of the Abyss.
You worshipped Gozag.
Gozag was pleased with you.
You visited 2 branches of the dungeon, and saw 10 of its levels.
You visited the Abyss 1 time.

You collected 1689 gold pieces.
You spent 481 gold pieces at shops.
You paid 213 gold pieces to Gozag.

Inventory:

Hand Weapons
 a - a +1 war axe
 k - the +5 trident "Nol Vodutz" {freeze, Will++}
   (You found it on level 7 of the Dungeon)

   Will++:    It greatly increases your willpower.
 B - a +0 battleaxe (weapon)
Missiles
 w - 2 throwing nets
Armour
 c - a +0 buckler (worn)
 e - a +0 chain mail
 I - a +2 plate armour of poison resistance (worn)
Jewellery
 h - a +4 ring of protection
 z - an amulet of guardian spirit
Talismans
 s - a serpent talisman
Wands
 y - a wand of digging (6)
 F - a wand of flame (12)
Scrolls
 l - 3 scrolls of summoning
 p - a scroll of enchant armour
 q - 2 scrolls of revelation
 r - 2 scrolls of fog
 v - a scroll of immolation
 x - a scroll of acquirement {unknown}
 C - a scroll of enchant weapon
 D - a scroll of identify
 E - 2 scrolls of fear {unknown}
 H - a scroll of vulnerability
Potions
 b - 6 potions of heal wounds
 d - 2 potions of might
 f - 2 potions of mutation {unknown}
 i - a potion of degeneration {unknown}
 j - 2 potions of berserk rage {unknown}
 m - 2 potions of brilliance {unknown}
 n - 4 potions of curing {unknown}
 o - a potion of haste {unknown}
 t - 2 potions of ambrosia {unknown}
 u - a potion of attraction {unknown}
 A - a potion of enlightenment {unknown}
 G - a potion of magic {unknown}


   Skills:
 * Level 8.5 Fighting
 * Level 11.4 Axes
 * Level 9.0 Armour
 * Level 7.5 Stealth
 * Level 8.5 Shields
 * Level 5.6 Spellcasting
 * Level 3.1 Shapeshifting


You had 22 spell levels left.
You didn't know any spells.
Your spell library contained the following spells:

 Spells                   Type           Power      Damage    Failure   Level
 Cigotuvi's Dreadful Rot  Necr/Pois/Air  4%         N/A       99%         2
 Ensorcelled Hibernation  Hex/Ice        4%         N/A       99%         2
 Jinxbite                 Hex            4%         N/A       99%         2
 Lesser Beckoning         Tloc           4%         N/A       99%         2
 Passwall                 Tmut/Erth      1%         N/A       99%         2
 Poisonous Vapours        Pois/Air       4%         N/A       99%         2
 Gell's Gravitas          Tloc           2%         N/A       100%        3
 Hailstorm                Conj/Ice       2%         3d3       100%        3
 Ignite Poison            Fire/Tmut/Pois 2%         N/A       100%        3
 Inner Flame              Hex/Fire       2%         N/A       100%        3
 Mephitic Cloud           Conj/Pois/Air  2%         N/A       100%        3
 Stone Arrow              Conj/Erth      4%         3d7       100%        3
 Teleport Other           Tloc           2%         N/A       100%        3
 Anguish                  Hex/Necr       1%         N/A       100%        4
 Animate Armour           Summ/Erth      4%         N/A       100%        4
 Dispel Undead            Necr           2%         3d7       100%        4
 Flame Wave               Conj/Fire      2%         2d4       100%        4
 Sticky Flame             Conj/Fire      2%         2d3       100%        4
 Summon Ice Beast         Ice/Summ       2%         N/A       100%        4
 Freezing Cloud           Conj/Ice/Air   1%         6-21      100%        5
 Death Channel            Necr           1%         N/A       100%        6
 Ignition                 Fire           1%         3d3       100%        8
 Lehudib's Crystal Spear  Conj/Erth      1%         10d2      100%        8
 Swiftness                Air            Unusable   N/A       N/A         3
 Simulacrum               Ice/Necr       Unusable   N/A       N/A         6

Dungeon Overview and Level Annotations

Branches:
Dungeon (9/15)             Temple (0/1) D:7            Lair (1/5) D:8
    Orc (0/2) D:9

Altars:
Dithmenos
Fedhas
Gozag
Hepliaklqana
Kikubaaqudgha
Sif Muna
Trog
Uskayaw
Xom
Zin
The Shining One

Shops:
D:5 *

Annotations:
Lair:1 2 transporters, Sonja; Viredejo's ghost, journeyman OgSh


Innate Abilities, Weirdness & Mutations

You cannot be hasted, slowed, berserked, paralysed or teleported.
You can dig through walls and to a lower floor.
You have a pair of large antennae on your head. (SInv)
Your four strong arms can wield two-handed weapons with a shield.


Message History

* * * LOW HITPOINT WARNING * * *
The balrug hits you with a +3 demon whip of venom!
Thought so.
You are engulfed in flames!!
You are poisoned.
The small abomination hits you but does no damage.
The hellwing barely misses you.
The hellwing hits you but does no damage.
You slash the balrug!
The balrug is heavily wounded.
You slash the hellwing! You closely miss the small abomination.
You feel very sick. The balrug gestures at you.
The sticky flame hits you but does no damage.
You are covered in liquid flames!
The small abomination barely misses you.
The hellwing hits you but does no damage.
You block the hellwing's attack.
You hit the balrug but do no damage.
The balrug is heavily wounded.
You hit the hellwing. You slash the small abomination!
You are covered in liquid flames!
You feel very sick.
The balrug hits you with a +3 demon whip of venom.
You are engulfed in flames!!
You block the small abomination's attack.
The hellwing closely misses you.
The hellwing hits you but does no damage.
The balrug gestures at you. The sticky flame hits you.
You are covered in liquid flames!
The small abomination hits you but does no damage.
You closely miss the balrug.
The balrug is heavily wounded.
You barely miss the small abomination. You barely miss the hellwing.
You are covered in liquid flames!
You feel sick.
The balrug hits you with a +3 demon whip of venom!
* * * LOW HITPOINT WARNING * * *
You are engulfed in flames!!
You die...
Your body crumbles into a pile of gold.

. { #.### ####
#... #.(#{
.#....#..####
....#.#.. $.# {
#...2##..
#...@x#..# {
#.##4..###
#.....# {
#..#.......#
...#...#.....#
..##..##.........
. .... ..#.....#
#..## ##..#..#...
##. .## .##...


You could see a balrug, a hellwing and a small abomination.

Vanquished Creatures
  Erolcha (D:9)
  2 two-headed ogres
  5 elephants (Lair:1)
  A polar bear (Lair:1)
  A hornet (D:7)
  Prince Ribbit (D:9)
  4 blink frogs (Lair:1)
  Sigmund (D:2)
  2 wyverns
  2 shadows
  Eustachio (D:6)
  Grum (D:7)
  3 water moccasins
  Duvessa (D:7)
  An orc warrior (D:6)
  An ice beast (D:5)
  2 sky beasts
  A black bear (D:6)
  5 wolves
  2 ogres (D:6)
  4 centaurs
  2 phantoms
  5 kobold brigands
  3 gnoll sergeants
  4 bullfrogs
  7 scorpions
  21 wights
  Dowan (D:7)
  3 killer bees (D:7)
  2 electric eels (D:6)
  3 howler monkeys
  11 hounds
  4 orc priests
  2 gnoll boudas (D:7)
  4 iguanas
  5 orc wizards
  8 ogre zombies (D:9)
  13 adders
  21 gnolls
  A white imp (D:7)
  2 ufetubi
  4 worms
  3 dart slugs
  25 orcs
  6 ball pythons
  12 endoplasms
  3 giant cockroaches (D:2)
  7 goblins
  6 hobgoblins
  11 jackals
  30 kobolds
  4 bats
  5 frilled lizards
  A goblin skeleton (D:9)
  4 goblin zombies (D:9)
  3 hobgoblin skeletons (D:9)
  4 hobgoblin zombies (D:9)
  11 orc zombies (D:9)
  4 rats
307 creatures vanquished.

Vanquished Creatures (others)
  An orc wizard (D:3)
1 creature vanquished.

Grand Total: 308 creatures vanquished

Notes
Turn   | Place    | Note
-------+----------+-------------------------------------------
     0 | D:1      | GigaChad the Formicid Fighter began the quest for the Orb.
     0 | D:1      | Reached XP level 1. HP: 18/18 MP: 1/1
    27 | D:1      | Entered explore mode.
    61 | D:1      | Reached XP level 2. HP: 22/24 MP: 2/2
   404 | D:1      | Reached XP level 3. HP: 24/29 MP: 3/3
  1190 | D:2      | Reached XP level 4. HP: 36/36 MP: 5/5
  1197 | D:2      | Noticed Sigmund
  1219 | D:2      | Killed Sigmund
  1220 | D:2      | Reached skill level 4 in Axes
  1220 | D:2      | Reached skill level 1 in Stealth
  1220 | D:2      | Reached skill level 1 in Spellcasting
  1220 | D:2      | Reached XP level 5. HP: 32/42 MP: 5/7
  1220 | D:2      | Reached XP level 6. HP: 36/48 MP: 5/8
  1370 | D:2      | Identified the +8 whip of the Whelk {vamp, rN+ Will+ SInv}
  1775 | D:3      | Found a blossoming altar of Fedhas.
  2164 | D:3      | Found a shimmering blue altar of Sif Muna.
  2701 | D:4      | Reached skill level 5 in Shields
  2706 | D:4      | Reached XP level 7. HP: 33/54 MP: 9/9
  2878 | D:4      | Reached skill level 5 in Axes
  3724 | D:5      | Entered Level 5 of the Dungeon
  3790 | D:5      | Reached skill level 5 in Armour
  3790 | D:5      | Reached XP level 8. HP: 38/58 MP: 11/11
  3974 | D:5      | Reached skill level 6 in Axes
  4756 | D:5      | Found Eqegybb's General Store.
  4805 | D:6      | Mangled by an ogre
                  | ... wielding a +0 giant spiked club
                  | (22 damage)
  4829 | D:6      | Killed from afar by an electric eel (12 damage)
                  | ... with a bolt of electricity
  4846 | D:6      | Reached skill level 5 in Fighting
  5291 | D:6      | Reached XP level 9. HP: 68/68 MP: 13/13
  5422 | D:6      | Reached skill level 7 in Axes
  5731 | D:6      | Found a shimmering altar of Xom.
  5805 | D:6      | Noticed Eustachio
  5835 | D:6      | Killed Eustachio
  6059 | D:6      | HP: 3/63 [wight/+2 dagger of freezing (2)]
  6059 | D:6      | Slain by a wight
                  | ... wielding a +3 mace
                  | (3 damage)
  6354 | D:6      | Reached skill level 8 in Axes
  6446 | D:6      | Reached skill level 5 in Stealth
  6549 | D:7      | Slain by a scorpion (4 damage)
  6552 | D:7      | Reached XP level 10. HP: 70/76 MP: 15/15
  6614 | D:7      | HP: 1/76 [killer bee (5)]
  6614 | D:7      | Mangled by an iguana (11 damage)
  7185 | D:7      | Found a shadowy altar of Dithmenos.
  7192 | D:7      | Found an ancient bone altar of Kikubaaqudgha.
  7192 | D:7      | Found a hide-covered altar of Uskayaw.
  7196 | D:7      | Identified the +5 trident "Nol Vodutz" {freeze, Will++}
  7203 | D:7      | Found an opulent altar of Gozag.
  7218 | D:7      | Noticed Duvessa
  7218 | D:7      | Noticed Dowan
  7223 | D:7      | Found a glowing silver altar of Zin.
  7225 | D:7      | Found a hazy altar of Hepliaklqana.
  7226 | D:7      | Found a bloodstained altar of Trog.
  7236 | D:7      | Reached skill level 9 in Axes
  7241 | D:7      | Mangled by a wight
                  | ... wielding a +4 flail
                  | (13 damage)
  7244 | D:7      | Killed Duvessa
  7249 | D:7      | Killed Dowan
  7540 | D:7      | Became a worshipper of Gozag Ym Sagoz the Greedy
  7730 | D:7      | Found a staircase to the Ecumenical Temple.
  7779 | D:7      | Noticed Grum
  7786 | D:7      | Killed Grum
  8381 | D:8      | Found a staircase to the Lair.
  8436 | D:8      | Noticed a two-headed ogre
  8451 | D:8      | Killed a two-headed ogre
  8452 | D:8      | Reached skill level 1 in Shapeshifting
  8661 | D:8      | Reached XP level 11. HP: 74/84 MP: 16/18
  8871 | D:8      | Reached skill level 10 in Axes
  9166 | D:9      | Noticed Prince Ribbit
  9185 | D:9      | HP: 1/82 [gnoll sergeant/+2 heavy trident (6)]
  9186 | D:9      | Slain by a gnoll sergeant
                  | ... wielding a +2 heavy trident
                  | (2 damage)
  9195 | D:9      | Killed Prince Ribbit
  9394 | D:9      | Noticed a two-headed ogre
  9403 | D:9      | HP: 3/84 [two-headed ogre/+0 giant club (19)]
  9404 | D:9      | Slain by a two-headed ogre
                  | ... wielding a +0 giant club
                  | (7 damage)
  9405 | D:9      | Killed a two-headed ogre
  9406 | D:9      | Reached skill level 5 in Spellcasting
  9998 | D:9      | Noticed Erolcha
 10000 | D:9      | Found a glowing golden altar of the Shining One.
 10009 | D:9      | Killed Erolcha
 10040 | D:9      | HP: 4/86 [poisoned by a kobold]
 10042 | D:9      | Succumbed to a kobold's poison
 10178 | D:9      | Found a staircase to the Orcish Mines.
 10184 | D:9      | HP: 3/79 [orc priest/divine providence (16)]
 10185 | D:9      | Killed by divine providence
                  | ... invoked by an orc priest
                  | (14 damage)
 10201 | D:9      | HP: 4/82 [wight/+4 halberd of freezing (3)]
 10201 | D:9      | Slain by an ogre zombie (2 damage)
 10566 | D:5      | Bought a +2 plate armour of poison resistance for 481 gold
                  | pieces
 10715 | Lair:1   | Entered Level 1 of the Lair of Beasts
 10715 | Lair:1   | Noticed an elephant
 10715 | Lair:1   | Noticed an elephant
 10716 | Lair:1   | Noticed an elephant
 10716 | Lair:1   | Noticed an elephant
 10716 | Lair:1   | Noticed an elephant
 10732 | Lair:1   | HP: 3/80 [elephant (4)]
 10733 | Lair:1   | Slain by a polar bear (6 damage)
 10736 | Lair:1   | Killed an elephant
 10738 | Lair:1   | HP: 4/84 [polar bear (4)]
 10738 | Lair:1   | Slain by an elephant (9 damage)
 10740 | Lair:1   | Killed an elephant
 10741 | Lair:1   | Reached skill level 11 in Axes
 10741 | Lair:1   | Killed an elephant
 10748 | Lair:1   | Killed an elephant
 10752 | Lair:1   | Killed an elephant
 10901 | Lair:1   | Noticed Viredejo's ghost (journeyman OgSh)
 10925 | Lair:1   | Reached XP level 12. HP: 87/94 MP: 20/20
 10959 | Lair:1   | Slain by a blink frog (12 damage)
 11010 | Lair:1   | Found a transporter.
 11016 | Lair:1   | Found a transporter.
 11023 | Lair:1   | Noticed Sonja
 11025 | Lair:1   | Noticed a boulder beetle
 11044 | Abyss:1  | Found a corrupted altar of Lugonu.
 11044 | Abyss:1  | Cast into level 1 of the Abyss (Sonja)
 11047 | Abyss:1  | Noticed a balrug
 11048 | Abyss:1  | HP: 4/94 [hellwing (5)]
 11050 | Abyss:1  | Killed by divine providence
                  | ... invoked by a balrug
                  | (15 damage)
 11052 | Abyss:1  | Slain by a balrug
                  | ... wielding a +3 demon whip of venom
                  | (16 damage)
 11055 | Abyss:1  | Mangled by a balrug

Illustrated notes

Levels and vault maps discovered:
D:1:      nicolae_arrival_memento_mori, layout_basic, minmay_gold_behind_fungi
D:2:      layout_basic, uniq_sigmund
D:3:      layout_basic, fedhas_altar_1, mainiacjoe_overflow_paths
D:4:      layout_cave_pools
D:5:      layout_loops_ring, serial_glass, glass_columns_a, glass_columns_c,
          serial_shops, kennysheep_little_box
D:6:      kennysheep_six_static_rooms, layout_gridville, amcnicky_altar_gilded,
          serial_bayou_lagoon_a, uniq_eustachio
D:7:      layout_cave_pools, grunt_temple_overflow_open,
          minmay_temple_entry_glassed_door, serial_gnoll_camp,
          gnoll_camp_mini_house, grums_kennel, gnoll_camp_mini_loothouse,
          gnoll_camp_mini_basic, gnoll_camp_mini_basic, gnoll_camp_mini_house,
          st_stairs_8, uniq_duvessa
D:8:      layout_basic, lair_entry_dummy
D:9:      layout_small_grid, zombieorc2_lemuel, hangedman_feature_mirror,
          grunt_decor_mini_mirrors, uniq_erolcha, uniq_prince_ribbit1
Lair:1:   layout_cave_pods, nzn_ghost_randoct, uniq_sonja
Abyss:1:  base: D:11, base: D:15, hangedman_abyss_or_decor_stagger

Skill      XL: |  1  2  3  4  5  6  7  8  9 10 11 12 |
---------------+-------------------------------------+-----
Fighting       | 4 5 6 7 8 |  8.5
Axes           | 4 5 6 8 9 11 | 11.4
Armour         | 4 5 7 8 9 |  9.0
Stealth        | 1 2 3 4 5 6 7 |  7.5
Spellcasting   | 1 2 3 4 5 |  5.6
Shields        | 5 6 7 8 |  8.5
Shapeshifting  | 1 2 3 |  3.1

Action                     |  1- 3 |  4- 6 |  7- 9 | 10-12 || total
---------------------------+-------+-------+-------+-------++-------
  Melee: War axe           |    65 |   145 |   327 |   168 ||   705
         Battleaxe         |       |       |       |   239 ||   239
         Unarmed           |       |       |       |     4 ||     4
         Constrict         |       |       |       |     2 ||     2
Ability: Begin Untransform |       |       |       |     1 ||     1
    Use: Scroll            |       |     5 |       |     7 ||    12
   Stab: Distracted        |       |       |       |     3 ||     3
 Armour: Scale mail        |     6 |       |       |       ||     6
         Chain mail        |    43 |    36 |       |       ||    79
         Plate armour      |       |   107 |   451 |   634 ||  1192
         Skin              |       |       |       |     9 ||     9
  Dodge: Dodged            |    10 |    64 |   149 |   226 ||   449
  Block: Buckler           |    12 |    37 |   114 |   189 ||   352
   Form: Anaconda          |       |       |       |     1 ||     1

Table legend: (Time is in decaauts)
 A = Elapsed time spent in this place.
 B = Non-inter-level travel time spent in this place.
 C = Inter-level travel time spent in this place.
 D = Time resting spent in this place.
 E = Time spent auto-exploring this place.
 F = Levels seen in this place.
 G = Mean time per level.
                   A        B        C        D        E       F      G
               +--------+--------+--------+--------+--------+-----+--------+
         Total |  11269 |  10802 |    467 |   1192 |   7273 |  11 | 1024.5 |
       Dungeon |  10916 |  10449 |    467 |   1192 |   7125 |   9 | 1212.9 |
          Lair |    341 |    341 |      0 |      0 |    148 |   1 |  341.0 |
         Abyss |     11 |     11 |      0 |      0 |      0 |   1 |   11.0 |
               +--------+--------+--------+--------+--------+-----+--------+

Top non-repeatable levels by time:
     D:7: 1900 daAuts
     D:6: 1840 daAuts
     D:9: 1329 daAuts
     D:5: 1184 daAuts
     D:4: 1081 daAuts
     D:3: 946 daAuts
     D:1: 905 daAuts
     D:2: 879 daAuts
     D:8: 848 daAuts
  Lair:1: 341 daAuts
 Abyss:1: 11 daAuts
